Map: 뉴커크 재개발 지구 - 토너먼트 (공허의 유산)

Players

Han

  • Race: Terran Terran
  • League: Master
  • Spawn Location: 5:00

llllllllllll - Winner!

  • Race: Terran Terran
  • League: Master
  • Spawn Location: 7:00

VOD

Have the link to the VOD?

Description

Time

  • Played on: Nov. 28, 2016, 1:30 a.m.
  • Length: 12:35
Show
View Real Time Build Order
Export as new Build Order

Han Terran 

Build Orders: Reaper Expand, Hellion Banshee, Mech 

Get SALT Encoding   

  12  0:00  SCV  
  13  0:13  SCV  
  14  0:18  Supply Depot  
  14  0:25  SCV  
  15  0:29  Refinery  
  15  0:39  SCV  
  16  0:47  Barracks  
  16  0:51  SCV  
  17  1:03  SCV  
  18  1:16  SCV  
  19  1:33  Orbital Command  
  19  1:34  Reaper  
  20  1:45  Command Center  
  20  1:55  Factory  
  20  1:59  SCV  
  21  2:04  Refinery  
  21  2:08  Barracks Reactor  
  21  2:11  SCV  
  22  2:16  Supply Depot  
  22  2:23  SCV  
  23  2:37  SCV  
  23  2:42  Starport  
  24  2:50  SCV  
  25  2:51  Barracks Tech Lab  
  25  2:52  Hellion x2  
  29  3:01  Orbital Command  
  29  3:04  SCV  
  30  3:14  Hellion x2  
  30  3:16  SCV  
  35  3:25  Viking  
  37  3:28  SCV  
  37  3:29  SCV  
  39  3:40  SCV  
  40  3:43  SCV  
  41  3:49  Supply Depot  
  41  3:52  Cyclone  
  41  3:53  SCV  
  41  3:55  SCV  
  46  4:03  Hellion  
  46  4:05  SCV  
  46  4:06  Raven  
  44  4:15  SCV  
  43  4:19  Supply Depot  
  43  4:24  Hellion  
  43  4:25  Hellion, SCV  
  43  4:29  SCV  
  49  4:37  SCV  
  49  4:38  Armory  
  50  4:39  Refinery  
  50  4:41  Refinery  
  50  4:42  SCV  
  51  4:46  Hellion  
  51  4:47  Cyclone  
  51  4:49  SCV, Banshee  
  60  4:54  SCV  
  60  4:55  Supply Depot  
  61  5:01  SCV  
  62  5:08  Command Center  
  62  5:13  Barracks Reactor  
  62  5:15  Factory  
  62  5:16  SCV x2  
  62  5:18  Supply Depot  
  64  5:28  SCV x2  
  66  5:40  SCV x2  
  66  5:42  Factory  
  68  5:47  Factory  
  68  5:52  SCV x2  
  70  5:57  Barracks Tech Lab  
  70  6:02  Cyclone x2  
  76  6:05  Viking, SCV x2  
  76  6:06  Supply Depot  
  80  6:12  Viking  
  80  6:17  SCV x2  
  84  6:19  Supply Depot x2  
  84  6:21  SCV  
  85  6:38  Factory Tech Lab, Factory Reactor  
  85  6:41  Engineering Bay  
  67  6:51  Hellion, Siege Tank  
  67  6:52  Hellion  
  74  7:02  Viking x2, SCV  
  77  7:13  Hellion  
  72  7:17  Siege Tank  
  72  7:22  Hellion x2  
  77  7:23  Hellion  
  77  7:34  Hellion  
  77  7:38  Reaper  
  77  7:42  SCV  
  69  7:45  Orbital Command  
  69  7:46  Viking x2  
  69  7:49  Siege Tank  
  71  7:53  SCV  
  71  7:58  SCV  
  73  8:09  Cyclone  
  73  8:10  Orbital Command  
  76  8:28  Refinery  
  76  8:35  Viking x2, Hellion x2  
  76  8:39  Infernal Pre-Igniter  
  76  8:40  SCV  
  85  8:45  Refinery  
  85  8:47  SCV  
  86  9:00  Orbital Command  
  86  9:10  Supply Depot  
  86  9:14  Orbital Command  
  86  9:25  Cyclone  
  86  9:27  Factory  
  86  9:29  Barracks Reactor  
  89  9:36  Hellion x2  
  93  9:44  Siege Tank  
  93  9:45  Refinery, SCV x3  
  97  9:59  Hellion  
  99  10:00  Hellion  
  99  10:02  Viking x2, SCV  
  98  10:07  SCV  
  99  10:15  SCV, Missile Turret  
  99  10:18  Supply Depot  
  99  10:19  Supply Depot  
  100  10:21  Armory  
  100  10:25  SCV  
  100  10:26  Armory  
  100  10:27  SCV x2  
  99  10:37  Siege Tank  
  99  10:40  Siege Tank  
  64  11:12  Siege Tank  
  67  11:21  Orbital Command  
  67  11:28  Hellbat  
  67  11:29  Refinery  
  67  11:32  Refinery  
  66  11:36  Hellbat  
  68  11:44  Siege Tank, SCV  
  72  11:49  Hellbat  
  74  11:57  Hellbat  
  76  12:03  SCV  
  76  12:11  Hellbat  
  76  12:12  SCV  
  79  12:16  SCV  
  85  12:25  Command Center  
Show
View Real Time Build Order
Export as new Build Order

llllllllllll Terran - Winner!

Build Orders: Hellion Opening, Reaper Expand, Bio Tank 

Get SALT Encoding   

  12  0:01  SCV  
  13  0:13  SCV  
  14  0:18  Supply Depot  
  14  0:25  SCV  
  15  0:30  Refinery  
  15  0:40  SCV  
  16  0:46  Barracks  
  16  0:52  SCV  
  17  1:04  SCV  
  18  1:16  SCV  
  19  1:33  Reaper, Orbital Command  
  20  1:46  Command Center  
  20  1:55  Factory  
  20  1:59  SCV  
  21  2:04  Refinery  
  21  2:10  Barracks Reactor  
  21  2:15  Supply Depot  
  21  2:17  SCV  
  22  2:29  SCV  
  23  2:41  SCV  
  23  2:42  Starport  
  24  2:52  Hellion x2  
  24  2:53  SCV, Barracks Tech Lab  
  29  3:02  Orbital Command  
  29  3:09  SCV  
  30  3:14  Hellion x2  
  34  3:21  SCV  
  34  3:26  Raven  
  37  3:29  SCV  
  37  3:31  Supply Depot  
  37  3:33  SCV  
  38  3:44  Hellion x2  
  38  3:45  SCV  
  38  3:47  SCV  
  44  3:59  Supply Depot  
  44  4:05  SCV  
  44  4:06  SCV  
  43  4:16  Viking  
  43  4:17  Hellion, SCV  
  46  4:18  Hellion, Barracks Tech Lab  
  46  4:21  Supply Depot  
  46  4:22  SCV  
  51  4:29  SCV  
  52  4:34  SCV  
  51  4:41  SCV  
  52  4:46  SCV  
  52  4:52  Siege Tank  
  56  4:53  SCV  
  56  4:56  Supply Depot  
  56  4:58  SCV  
  58  5:01  Viking x2  
  58  5:05  SCV  
  58  5:06  Refinery  
  63  5:07  Refinery  
  63  5:08  Supply Depot  
  63  5:10  SCV, Marine, Supply Depot, Stimpack  
  65  5:17  SCV  
  66  5:22  SCV  
  66  5:23  Supply Depot  
  66  5:26  Supply Depot  
  66  5:27  Supply Depot  
  67  5:28  Siege Tank  
  70  5:35  Marine  
  70  5:37  SCV  
  70  5:41  Viking  
  70  5:42  Viking  
  76  5:43  SCV  
  76  5:49  SCV  
  78  5:53  Marine  
  78  5:55  SCV  
  80  6:01  SCV  
  80  6:02  Command Center  
  81  6:05  Siege Tank  
  84  6:11  Marine  
  84  6:15  Viking x2  
  89  6:20  SCV x2, Armory  
  91  6:29  Marine  
  90  6:35  Engineering Bay  
  90  6:39  SCV  
  89  6:42  SCV  
  86  6:47  Marine  
  86  6:51  SCV  
  88  6:54  SCV  
  87  7:03  SCV  
  87  7:04  Marine  
  87  7:06  SCV  
  90  7:10  Missile Turret  
  90  7:16  SCV  
  90  7:18  SCV x2, Missile Turret  
  90  7:22  Marine  
  93  7:28  SCV  
  94  7:30  SCV  
  94  7:33  SCV  
  83  7:40  SCV, Marine  
  83  7:45  Viking  
  83  7:48  Orbital Command  
  83  7:49  Siege Tank  
  83  7:50  Combat Shields  
  85  7:53  Terran Infantry Weapons Level 1  
  85  7:55  Barracks  
  85  7:56  Barracks  
  85  7:57  SCV  
  85  7:58  SCV, Marine  
  86  8:01  Refinery  
  86  8:03  Refinery  
  87  8:07  Engineering Bay  
  87  8:10  Missile Turret  
  87  8:16  Marine  
  87  8:17  SCV  
  86  8:23  Siege Tank  
  86  8:25  Missile Turret  
  89  8:34  Marine  
  90  8:37  SCV x3  
  93  8:43  Terran Infantry Armor Level 1  
  93  8:47  Barracks Reactor  
  93  8:48  Barracks, Barracks Reactor  
  93  8:49  Barracks  
  93  8:51  Marine  
  93  8:52  SCV x2  
  96  8:55  Siege Tank  
  96  8:58  Barracks  
  96  8:59  Barracks x2  
  99  9:04  Supply Depot  
  99  9:05  Supply Depot  
  99  9:09  Marine  
  100  9:11  Medivac x2  
  104  9:19  SCV x2, Terran Vehicle Weapons Level 1  
  107  9:24  SCV  
  107  9:26  Supply Depot  
  107  9:27  Marine x5, Supply Depot  
  107  9:29  Siege Tank  
  115  9:33  Command Center, Concussive Shells  
  115  9:35  Missile Turret  
  115  9:40  Barracks Tech Lab, Barracks Reactor  
  115  9:41  Barracks Tech Lab  
  115  9:44  Marine x2  
  113  9:58  Marine x2  
  113  9:59  Marauder  
  115  10:03  Marine x2  
  115  10:04  Marine, Marauder  
  115  10:05  Barracks Tech Lab  
  115  10:06  Barracks Tech Lab x2  
  116  10:10  SCV x3  
  116  10:12  Medivac x2  
  123  10:25  Liberator x2, Marine x2, Marauder  
  123  10:26  Marine x4, Marauder  
  123  10:27  Marauder  
  135  10:30  Marauder  
  137  10:42  Marine x2  
  137  10:49  Marine x5, Marauder  
  154  10:50  Siege Tank, Marauder  
  154  10:51  Marine  
  153  11:00  Marine x2  
  151  11:07  Marine x2  
  151  11:08  SCV, Marauder x3  
  151  11:09  Marine  
  151  11:11  Marauder x2  
  164  11:18  Marine  
  162  11:22  Marine  
  162  11:25  Marine x2  
  166  11:28  Marine  
  166  11:29  Marauder  
  166  11:30  Marauder  
  166  11:32  Marauder  
  175  11:33  Planetary Fortress  
  169  11:57  Viking x2  
  169  11:58  Siege Tank, Marine x2  
  169  11:59  Marauder  
  169  12:00  Marine  
  169  12:01  Marine  
  180  12:03  Supply Depot  
  180  12:04  Supply Depot, Marauder  
Tags
 
Add a new tag
Caveats
  • Supply blocks, unpowered buildings, or Contaminate may cause inaccurate times.
  • Supply counts are checked every 10 seconds.